 Dungeon Crawl Stone Soup version 0.26-a0-487-gbff1e92059 (webtiles) character file.

Game seed: 6209595659299242453

21 KristoblXynda the Magician (level 2, -3/24 HPs)
             Began as a Troll Hedge Wizard on Aug 2, 2020.
             Slain by a worm (12 damage)
             ... on level 2 of the Dungeon.
             The game lasted 00:00:55 (666 turns).

KristoblXynda the Magician (Troll Hedge Wizard)      Turns: 666, Time: 00:00:55

Health: -3/24      AC:  6    Str: 17    XL:     2   Next: 62%
Magic:  4/4        EV: 10    Int: 10    God:
Gold:   42         SH:  0    Dex:  9    Spells: 4/5 levels left

rFire    . . .     SeeInvis .     - Unarmed
rCold    . . .     Faith    .   (no shield)
rNeg     . . .     Spirit   .   b - +0 robe
rPois    .         Reflect  .   c - +0 hat
rElec    .         Harm     .   (no cloak)
rCorr    .                      (gloves unavailable)
MR       .....                  (boots unavailable)
Stlth    ++........             (no amulet)
HPRegen  0.48/turn              i - ring of stealth
MPRegen  0.09/turn              (no ring)

@: no status effects
A: large, unfitting armour, claws 3, regeneration 1, shaggy fur 1, tough skin 3
a: no special abilities


You were on level 2 of the Dungeon.
You visited 1 branch of the dungeon, and saw 2 of its levels.

You collected 42 gold pieces.

Inventory:

Armour
 b - a +0 robe (worn)
 c - a +0 hat (worn)
Jewellery
 i - a ring of stealth (left claw)
Scrolls
 d - a scroll of enchant weapon {unknown}
 f - a scroll of magic mapping {unknown}
 g - a scroll of fog {unknown}
 k - a scroll of amnesia {unknown}
Potions
 a - 5 potions of curing {unknown}
 h - a potion of invisibility {unknown}
 j - a potion of ambrosia {unknown}


   Skills:
 + Level 2.0 Dodging
 - Level 1.0 Stealth
 + Level 1.1 Unarmed Combat
 - Level 2.0 Spellcasting
 + Level 1.2 Conjurations
   Level 0.6 Summonings
   Level 0.6 Translocations


You had 4 spell levels left.
You knew the following spells:

 Your Spells              Type           Power        Failure   Level
a - Magic Dart            Conj           #...         19%         1

Your spell library contained the following spells:

 Spells                   Type           Power        Failure   Level
 Blink                    Tloc           N/A          36%         2
 Call Imp                 Summ           #.......     36%         2
 Slow                     Hex            #.......     43%         2
 Conjure Flame            Conj/Fire      #.......     58%         3
 Mephitic Cloud           Conj/Pois/Air  #.......     63%         3


Dungeon Overview and Level Annotations

Branches:
Dungeon (2/15)

Altars:


Innate Abilities, Weirdness & Mutations

You are too large for most types of armour.
You have claws for hands.
Your natural rate of healing is unusually fast.
You are covered in fur. (AC +1)
You have extremely tough skin. (AC +3)


Message History

The kobold closely misses you.
You completely miss the worm.
The worm is heavily wounded.
The kobold hits you but does no damage. The worm bites you.
* * * LOW HITPOINT WARNING * * *
You barely miss the worm.
The worm is heavily wounded.
The kobold hits you.
* * * LOW HITPOINT WARNING * * *
You scratch the kobold.
You kill the kobold!
You see here a kobold corpse.
The worm bites you but does no damage.
You scratch the worm.
The worm is heavily wounded.
You barely miss the worm.
The worm is heavily wounded.
The worm bites you!
Ouch! That really hurt!
You die...

#......# #......#
#......#
###......#############
...[.........<..^....#
##.......#########....
#.......#########.. .
..##.##...#......?. #
#. ###.†@.......
..######w.......
................. ..
...............
..#####........
#........ .........
#........ ##..#####


You could see a worm.

Vanquished Creatures
  A dart slug (D:1)
  A ball python (D:1)
  2 bats (D:1)
  3 goblins
  A hobgoblin (D:1)
  4 jackals (D:1)
  A frilled lizard (D:1)
  3 kobolds
16 creatures vanquished.

Notes
Turn   | Place    | Note
-------+----------+-------------------------------------------
     0 | D:1      | KristoblXynda the Troll Hedge Wizard began the quest for
                  | the Orb.
     0 | D:1      | Reached XP level 1. HP: 16/16 MP: 2/2
   171 | D:1      | Reached skill level 1 in Conjurations
   182 | D:1      | Reached XP level 2. HP: 22/24 MP: 4/4
   454 | D:1      | Reached skill level 1 in Unarmed Combat
   666 | D:2      | Slain by a worm

Illustrated notes

Levels and vault maps discovered:
D:1:      erik_arrival_orb_chamber, layout_loops_ring, minmay_misc_feat_cross
D:2:      layout_rooms, chequers_ecumenical_altar_grove

Skill      XL: |  1  2 |
---------------+-------+-----
Conjurations   | 1 |  1.2
Unarmed Combat | 1 |  1.1
Dodging        | 2 |  2.0
Stealth        | |  1.0
Spellcasting   | |  2.0
Summonings     | |  0.6
Translocations | |  0.6

Action                   || total
-------------------------++-------
Melee: Unarmed           ||    63
Armor: Robe              ||    34
Dodge: Dodged            ||    31

Table legend: (Time is in decaauts)
 A = Elapsed time spent in this place.
 B = Non-inter-level travel time spent in this place.
 C = Inter-level travel time spent in this place.
 D = Time resting spent in this place.
 E = Time spent auto-exploring this place.
 F = Levels seen in this place.
 G = Mean time per level.
                   A        B        C        D        E       F      G
               +--------+--------+--------+--------+--------+-----+--------+
         Total |    664 |    634 |     30 |      0 |    489 |   2 |  332.0 |
       Dungeon |    664 |    634 |     30 |      0 |    489 |   2 |  332.0 |
               +--------+--------+--------+--------+--------+-----+--------+

Top non-repeatable levels by time:
     D:1: 609 daAuts
     D:2: 55 daAuts
